 Dungeon Crawl Stone Soup version 0.28-a0-653-g7e9dba17c3 (webtiles) character file.

Game seed: 11283018227520318529

741 weed420 the Chopper (level 7, -2/55 HPs)
             Began as a Demonspawn Berserker on Oct 12, 2021.
             Was a Priest of Trog.
             Slain by a gnoll (3 damage)
             ... on level 6 of the Dungeon.
             The game lasted 00:16:29 (4898 turns).

weed420 the Chopper (Demonspawn Berserker)          Turns: 4898, Time: 00:16:30

Health: -2/55      AC: 12    Str: 19    XL:     7   Next: 47%
Magic:  0/7        EV:  8    Int:  8    God:    Trog [***...]
Gold:   254        SH:  5    Dex: 13    Spells: 6/6 levels left

rFire   . . .      SeeInvis .   c - +5 hand axe
rCold   + . .      Faith    .   (no shield)
rNeg    . . .      Spirit   +   i - +1 chain mail
rPois   .          Reflect  +   (helmet restricted)
rElec   .          Harm     .   (no cloak)
rCorr   .          Rampage  .   e - +0 pair of gloves
Will    .....                   k - +0 pair of boots
Stlth   ..........              s - amulet of reflection
HPRegen 0.18/turn               m - ring of protection from cold
MPRegen 0.20/turn               (no ring)

@: lit by a corona, on berserk cooldown, slowed, glowing, very slow
A: hooves 1, horns 1, magic shield, magic regeneration, demonic magic 1
a: Renounce Religion, Berserk, Trog's Hand


You were on level 6 of the Dungeon.
You worshipped Trog.
Trog was most pleased with you.
You visited 1 branch of the dungeon, and saw 6 of its levels.

You collected 287 gold pieces.
You spent 33 gold pieces at shops.

Inventory:

Hand Weapons
 a - a +0 hand axe
 c - a +5 hand axe (weapon)
 l - a +2 dagger of flaming
Armour
 e - a +0 pair of gloves (worn)
 i - a +1 chain mail (worn)
 k - a +0 pair of boots (worn)
Jewellery
 m - a ring of protection from cold (left hand)
 r - a ring of wizardry
 s - an amulet of reflection (around neck)
Wands
 o - a wand of digging (5)
 p - a wand of polymorph (6)
 t - a wand of mindburst (15)
 v - a wand of flame (16)
 w - a wand of charming (11)
Scrolls
 b - 2 scrolls of vulnerability
 n - a scroll of magic mapping
 u - a scroll of identify
Potions
 d - a potion of lignification
 f - a potion of attraction {unknown}
 g - 2 potions of flight {unknown}
 h - a potion of mutation {unknown}
 j - a potion of magic {unknown}
 q - a potion of invisibility {unknown}
 x - a potion of degeneration {unknown}


   Skills:
 + Level 4.4 Fighting
 * Level 6.4 Axes
 + Level 3.4 Armour
 + Level 2.4 Dodging
 - Level 1.2 Stealth


You had 6 spell levels left.
You didn't know any spells.
Your spell library contained the following spells:

 Spells                   Type           Power      Damage    Failure   Level
 Dazzling Flash           Conj/Hex       0%         N/A       100%        3
 Iskenderun's Mystic Bla  Conj/Tloc      0%         2d3       100%        4
 Starburst                Conj/Fire      0%         6d3       100%        6


Dungeon Overview and Level Annotations

Branches:
Dungeon (6/15)             Temple (0/1) D:5

Altars:
Cheibriados

Shops:
D:2 !


Innate Abilities, Weirdness & Mutations

You have large cloven feet.
You have a pair of small horns on your head.
When hurt, damage is shared between your health and your magic reserves.
You regenerate magic rapidly.
Spells you cast may paralyse adjacent enemies.


Message History

You are no longer berserk.
You are exhausted.
You feel yourself slow down.
The gnoll hits you with a +2 vampiric spear.
* * * LOW HITPOINT WARNING * * *
The gnoll hits you but does no damage. The gnoll hits you with a +0 spear.
* * * LOW HITPOINT WARNING * * *
There is an open door, spattered with blood here.
Things that are here:
a +0 flail; a gnoll corpse
Okay, then.
The gnoll barely misses you.
The gnoll hits you from afar with a +0 spear.
* * * LOW HITPOINT WARNING * * *
The gnoll closely misses you.
The gnoll hits you but does no damage. x2
Things that are here:
a +0 club; a +0 robe; a gnoll corpse The gnoll hits you from afar with a +2 vampiric spear.
* * * LOW HITPOINT WARNING * * *
You block the gnoll's attack.
The gnoll hits you from afar with a +2 vampiric spear.
* * * LOW HITPOINT WARNING * * *
The gnoll hits you from afar with a +0 spear.
* * * LOW HITPOINT WARNING * * *
The gnoll is no longer moving quickly.
You block the gnoll's attack.
The gnoll hits you from afar with a +2 vampiric spear.
* * * LOW HITPOINT WARNING * * *
The gnoll closely misses you.
You see here 12 gold pieces.
You open the door.
An orc and 2 orc wizards come into view.
The orc wizard shouts!
The orc shouts!
The orc wizard shouts!
The gnoll hits you but does no damage. The gnoll closely misses you.
The gnoll hits you but does no damage.
An orc wizard comes into view. It is wielding a +0 dagger.
The orc wizard gestures at you while chanting.
The puff of flame hits you.
* * * LOW HITPOINT WARNING * * *
The gnoll hits you from afar with a +0 spear.
You die...

#.......+ #.......#
#.......#
###########.......#
..................#
...........###)#### ####
...........#..gg.# ?...#
...........#..g..#.....#
...........#....@'o....#
...........#######o....#
...................o...#
................... o..#
..)...............# ###
#+#...............#
..#...............#
..#........########
..#......<.#


You could see 3 orc wizards, 3 gnolls and an orc.

Vanquished Creatures
  An ice beast (D:6)
  An ogre (D:5)
  A bullfrog (D:6)
  A scorpion (D:5)
  A hound (D:5)
  2 centaur zombies (D:5)
  A gnoll shaman (D:6)
  3 bullfrog skeletons (D:5)
  3 orc wizards
  A hound skeleton (D:4)
  4 adders
  A gnoll (D:6)
  A shadow imp (D:6)
  An ufetubus (D:4)
  4 worms
  3 dart slugs
  11 orcs
  4 endoplasms
  3 giant cockroaches
  5 hobgoblins
  8 jackals
  7 kobolds
  3 quokkas
  5 ball pythons
  3 bats
  3 frilled lizards
  7 goblins
  6 rats
94 creatures vanquished.

Vanquished Creatures (others)
  An orc wizard (D:5)
1 creature vanquished.

Grand Total: 95 creatures vanquished

Notes
Turn   | Place    | Note
-------+----------+-------------------------------------------
     0 | D:1      | weed420 the Demonspawn Berserker began the quest for the
                  | Orb.
     0 | D:1      | Reached XP level 1. HP: 18/18 MP: 1/1
   384 | D:1      | Discovered your monstrous ancestry.
   384 | D:1      | Gained mutation: You have large cloven feet. [demonic
                  | ancestry]
   384 | D:1      | Reached XP level 2. HP: 23/24 MP: 2/2
   396 | D:1      | Found a faded altar of an unknown god.
  1067 | D:1      | Reached skill level 3 in Axes
  1095 | D:1      | Reached XP level 3. HP: 21/29 MP: 3/3
  1509 | D:1      | Reached skill level 1 in Stealth
  1605 | D:2      | Reached ** piety under Trog
  1831 | D:2      | Found Duelanat's Distillery.
  1874 | D:2      | Bought a potion of curing for 33 gold pieces
  2042 | D:2      | Gained mutation: You regenerate magic rapidly. [demonic
                  | ancestry]
  2042 | D:2      | Reached XP level 4. HP: 35/35 MP: 4/4
  3317 | D:4      | Reached skill level 4 in Axes
  3360 | D:4      | Found a snail-covered altar of Cheibriados.
  3413 | D:4      | Gained mutation: When hurt, damage is shared between your
                  | health and your magic reserves. [demonic ancestry]
  3413 | D:4      | Reached XP level 5. HP: 40/42 MP: 5/5
  4203 | D:5      | Entered Level 5 of the Dungeon
  4282 | D:5      | Gained mutation: Spells you cast may paralyse adjacent
                  | enemies. [demonic ancestry]
  4282 | D:5      | Reached XP level 6. HP: 40/48 MP: 2/6
  4307 | D:5      | Reached skill level 5 in Axes
  4356 | D:5      | Reached *** piety under Trog
  4357 | D:5      | Gained mutation: You have a pair of small horns on your
                  | head. [demonic ancestry]
  4357 | D:5      | Reached XP level 7. HP: 51/54 MP: 7/7
  4389 | D:5      | Found a staircase to the Ecumenical Temple.
  4803 | D:6      | Reached skill level 6 in Axes
  4898 | D:6      | HP: 1/55 [orc wizard/puff of flame (2)]
  4898 | D:6      | Slain by a gnoll

Illustrated notes

Levels and vault maps discovered:
D:1:      eino_arrival_cavern_e, layout_basic, basic_ecumenical_altar,
          serial_bayou_ford_a, minmay_vboxes
D:2:      layout_rooms, serial_shops, shop_fountains, kennysheep_path_1
D:3:      layout_basic, roderic_lattice_a
D:4:      layout_gridville, nicolae_overflow_crystal_walls
D:5:      layout_rooms, minmay_temple_entry_antechambers
D:6:      layout_gridville, mainiacjoe_overflow_alcove_1,
          mainiacjoe_overflow_tiny_flanked

Skill      XL: |  1  2  3  4  5  6  7 |
---------------+----------------------+-----
Dodging        | 2 |  2.4
Axes           | 3 4 5 6 |  6.4
Stealth        | 1 |  1.2
Armour         | 2 3 |  3.4
Fighting       | 4 |  4.4

Action                   |  1- 3 |  4- 6 |  7- 9 || total
-------------------------+-------+-------+-------++-------
Melee: Hand axe          |   108 |   191 |    42 ||   341
       Kick              |    14 |    31 |       ||    45
       Headbutt          |       |       |     7 ||     7
Invok: Berserk           |     1 |     3 |     1 ||     5
       Trog's Hand       |       |     1 |     1 ||     2
  Use: Scroll            |     4 |     4 |       ||     8
       Potion            |       |     7 |       ||     7
 Stab: Sleeping          |     4 |       |       ||     4
Armor: Animal skin       |     9 |       |       ||     9
       Ring mail         |    23 |     7 |       ||    30
       Chain mail        |       |   141 |    37 ||   178
Dodge: Dodged            |    80 |    80 |    31 ||   191
Block: Other             |       |       |    13 ||    13

Table legend: (Time is in decaauts)
 A = Elapsed time spent in this place.
 B = Non-inter-level travel time spent in this place.
 C = Inter-level travel time spent in this place.
 D = Time resting spent in this place.
 E = Time spent auto-exploring this place.
 F = Levels seen in this place.
 G = Mean time per level.
                   A        B        C        D        E       F      G
               +--------+--------+--------+--------+--------+-----+--------+
         Total |   4971 |   4932 |     39 |   1113 |   2541 |   6 |  828.5 |
       Dungeon |   4971 |   4932 |     39 |   1113 |   2541 |   6 |  828.5 |
               +--------+--------+--------+--------+--------+-----+--------+

Top non-repeatable levels by time:
     D:1: 1614 daAuts
     D:3: 959 daAuts
     D:4: 930 daAuts
     D:2: 758 daAuts
     D:5: 485 daAuts
     D:6: 224 daAuts
